 Dungeon Crawl Stone Soup version 0.21.0-3-g78d12a8 (webtiles) character file.

352 MTVSty1e the Cudgeler (level 6, -1/38 HPs)
             Began as a Gargoyle Summoner on Jan 8, 2018.
             Slain by Ijyb
             ... wielding a +5 dagger of draining
              (3 damage)
             ... on level 3 of the Dungeon.
             The game lasted 00:06:31 (4466 turns).

MTVSty1e the Cudgeler (Gargoyle Summoner)           Turns: 4466, Time: 00:06:32

Health: -1/38      AC:  0    Str: 13    XL:     6   Next: 62%
Magic:  9/9        EV: 19    Int: 16    God:
Gold:   176        SH:  0    Dex: 15    Spells: 8/9 levels left

rFire    . . .     SeeInvis .   (weapon currently unavailable)
rCold    . . .     Gourm    .   (shield currently unavailable)
rNeg     + . .     Faith    .   (armour currently unavailable)
rPois    ∞         Spirit   .   (helmet currently unavailable)
rElec    .         Reflect  .   (cloak currently unavailable)
rCorr    .         Harm     .   (gloves currently unavailable)
MR       .....                  (boots currently unavailable)
Stlth    +++.......             (no amulet)
HPRegen  0.12/turn              (ring currently unavailable)
MPRegen  0.11/turn              (ring currently unavailable)

@: agile, pig-form (expiring), flying, very slightly contaminated, invisible,
very quick
A: small, negative energy resistance 1, petrification resistance, rot immunity,
AC +4
a: no special abilities


You were on level 3 of the Dungeon.
You were not hungry.
You were a filthy swine.
You visited 1 branch of the dungeon, and saw 5 of its levels.

You collected 176 gold pieces.

Inventory:

Hand Weapons
 e - a +0 club
 t - a +0 mace (melded)
Armour
 r - a +0 leather armour
 u - a +0 ring mail
 w - a +0 plate armour (melded)
 y - a +0 cloak (melded)
Jewellery
 d - a +6 ring of slaying (melded)
 m - an uncursed ring of wizardry
 x - a ring of protection from magic (melded)
Scrolls
 a - a scroll of fear {unknown}
 f - 2 scrolls of identify {unknown}
 g - 3 scrolls of remove curse {unknown}
 h - 3 scrolls of teleportation {unknown}
 i - a scroll of immolation {unknown}
 l - 3 scrolls of enchant armour {unknown}
 n - a scroll of amnesia {unknown}
 q - 2 scrolls of magic mapping {unknown}
Potions
 j - a potion of flight
 k - a potion of heal wounds {unknown}
 o - a potion of lignification
 p - a potion of haste {unknown}
 s - a potion of curing
 v - a potion of invisibility
Comestibles
 c - 9 rations


   Skills:
 + Level 4.0 Fighting
 * Level 5.1 Maces & Flails
 - Level 1.5 Dodging
 - Level 2.1 Stealth
 - Level 2.0 Spellcasting
 - Level 3.6 Summonings


You had 8 spell levels left.
You knew the following spells:

 Your Spells              Type           Power        Failure   Level  Hunger
a - Summon Small Mammal   Summ           ##..         4%          1    #......


Dungeon Overview and Level Annotations

Branches:
Dungeon (5/15)
 Temple: D:4-7

Altars:
Kikubaaqudgha
Qazlal
Wu Jian
Zin

Shops:
D:4 }

Annotations:
D:3 Ijyb
D:5 wazuzu's ghost, novice HOFi


Innate Abilities, Weirdness & Mutations

You are resistant to torment.
((Your stone body is resilient. (AC +4)))
You are immune to poison.
You resist negative energy. (rN+)
((You are resistant to electric shocks. (rElec)))
((You can survive without breathing.))
You are immune to petrification.
You are immune to rotting.


Message History

Ijyb is almost dead.
Ijyb hits you with a dagger of draining.
* * * LOW HITPOINT WARNING * * *
You hit Ijyb.
Ijyb is almost dead.
Ijyb hits you with a dagger of draining.
* * * LOW HITPOINT WARNING * * *
You strike the helpless Ijyb from behind!
You hit Ijyb.
Ijyb is almost dead.
You hit Ijyb but do no damage.
Ijyb is almost dead.
Your transformation is almost over.
Ijyb hits you with a dagger of draining.
* * * LOW HITPOINT WARNING * * *
You catch the helpless Ijyb completely off-guard!
You hit Ijyb but do no damage.
Ijyb is almost dead.
Ijyb hits you with a dagger of draining.
You die...

#.......# ##..#####
##### #.>..# ...#
#....# .(.# ##)...#
%..# ......# #(.
.....###########.###
.....##.....>#.....#
.....##..#####(gh..#
.....###.# #.(...#
.....# #.#####.(...#
.....# #......%.%..#
.....# #..##########
###### ####


You could see Ijyb.

Vanquished Creatures
  A scorpion (D:5)
  2 crimson imps
  An orc wizard (D:3)
  2 hounds
  A worker ant (D:4)
  A hound skeleton (D:4)
  6 adders
  An ooze (D:2)
  A worm (D:2)
  A leopard gecko (D:1)
  3 orcs
  6 giant cockroaches
  9 goblins
  3 hobgoblins
  5 jackals
  2 quokkas
  2 ball pythons
  2 bats
  A frilled lizard (D:2)
  4 kobolds
  3 rats
57 creatures vanquished.

Vanquished Creatures (collateral kills)
  A hobgoblin (D:1)
  A rat (D:1)
2 creatures vanquished.

Grand Total: 59 creatures vanquished

Notes
Turn   | Place    | Note
-------+----------+-------------------------------------------
     0 | D:1      | MTVSty1e the Gargoyle Summoner began the quest for the Orb.
     0 | D:1      | Reached XP level 1. HP: 10/10 MP: 3/3
   480 | D:1      | Reached skill level 1 in Fighting
   772 | D:1      | Reached XP level 2. HP: 15/16 MP: 5/5
   777 | D:1      | Reached skill level 1 in Maces & Flails
   989 | D:2      | Found an ancient bone altar of Kikubaaqudgha.
   989 | D:2      | Found an ornate altar of the Wu Jian Council.
   990 | D:2      | Found a glowing silver altar of Zin.
  1065 | D:2      | Reached XP level 3. HP: 11/21 MP: 6/6
  1409 | D:2      | Reached skill level 2 in Maces & Flails
  2265 | D:2      | Reached XP level 4. HP: 11/26 MP: 7/7
  2567 | D:3      | Reached skill level 3 in Maces & Flails
  2661 | D:3      | Reached XP level 5. HP: 19/32 MP: 8/8
  3447 | D:4      | Found Peogiuli's Gadget Shop.
  3461 | D:4      | Reached skill level 4 in Maces & Flails
  3592 | D:4      | Reached XP level 6. HP: 37/37 MP: 9/9
  3727 | D:4      | Found a stormy altar of Qazlal.
  3731 | D:4      | Noticed a water elemental
  3734 | D:4      | Noticed a fire elemental
  3734 | D:4      | Noticed an air elemental
  3927 | D:5      | Entered Level 5 of the Dungeon
  4179 | D:5      | Reached skill level 5 in Maces & Flails
  4234 | D:5      | Noticed wazuzu's ghost (novice HOFi)
  4418 | D:3      | Noticed Ijyb
  4466 | D:3      | Slain by Ijyb

Skill      XL: |  1  2  3  4  5  6 |
---------------+-------------------+-----
Fighting       | 1 2 3 4 |  4.0
Maces & Flails | 1 2 3 4 5 |  5.1
Dodging        | |  1.5
Stealth        | |  2.1
Spellcasting   | |  2.0
Summonings     | |  3.6

Action                   |  1- 3 |  4- 6 || total
-------------------------+-------+-------++-------
Melee: Unarmed           |    16 |    39 ||    55
       Club              |    77 |    51 ||   128
       Mace              |       |    51 ||    51
 Cast: Summon Small Mamm |     3 |       ||     3
  Use: Potion            |       |     5 ||     5
 Stab: Sleeping          |     1 |     1 ||     2
       Invisible         |       |     2 ||     2
  Eat: Ration            |     1 |     2 ||     3
       Chunk             |     1 |       ||     1
Armor: Robe              |    37 |     1 ||    38
       Leather armour    |       |    31 ||    31
       Ring mail         |       |    16 ||    16
       Plate armour      |       |    16 ||    16
Dodge: Dodged            |    60 |    78 ||   138
